 Dungeon Crawl Stone Soup version 0.20.0-8-g6b59dc7 (webtiles) character file.

298 zhorgal the Digger (level 6, -8/35 HPs)
             Began as a Gargoyle Earth Elementalist on June 2, 2017.
             Mangled by an ice beast (13 damage)
             ... on level 3 of the Dungeon.
             The game lasted 00:13:41 (3014 turns).

zhorgal the Digger (Gargoyle Earth Elementalist)    Turns: 3014, Time: 00:13:42

Health: -8/35      AC:  6    Str: 11    XL:     6   Next: 35%
Magic:  8/9        EV: 12    Int: 22    God:
Gold:   123        SH:  0    Dex: 10    Spells: 1/9 levels left

rFire    . . .     SeeInvis .   f - +0 spear
rCold    . . .     Gourm    .   (no shield)
rNeg     + . .     Faith    .   c - +0 robe
rPois    ∞         Spirit   .   (no helmet)
rElec    +         Reflect  .   (no cloak)
rCorr    .         Harm     +   (no gloves)
MR       .....                  (no boots)
Stlth    ++........             k - amulet of harm
Regen    0.2/turn               i - +2 ring of slaying
MPRegen  0.2/turn               n - +4 ring of intelligence

@: no status effects
A: negative energy resistance 1, electricity resistance, unbreathing,
petrification resistance, rot immunity, AC +4
a: no special abilities


You were on level 3 of the Dungeon.
You were not hungry.

You visited 1 branch of the dungeon, and saw 3 of its levels.

You collected 123 gold pieces.

Inventory:

Hand Weapons
 f - a +0 spear (weapon)
 B - a +0 trident
 C - a +0 flail
Missiles
 b - 76 stones (quivered)
Armour
 c - a +0 robe (worn)
 r - a +0 shield
 s - a +0 buckler
 z - a +0 leather armour
Jewellery
 i - a +2 ring of slaying (left hand)
 j - an uncursed amulet of the gourmand
 k - an amulet of harm (around neck)
 n - a +4 ring of intelligence (right hand)
 y - an uncursed ring of stealth {unknown}
Wands
 u - a wand of disintegration (7/24)
 A - a wand of flame (12/48)
Scrolls
 a - a scroll of remove curse {unknown}
 h - 2 scrolls of teleportation {unknown}
 l - a scroll of recharging {unknown}
 p - 2 scrolls of fear {unknown}
 v - a scroll of identify {unknown}
 w - 2 scrolls of fog {unknown}
 E - a scroll of blinking {unknown}
Potions
 g - a potion of brilliance {unknown}
 m - a potion of curing {unknown}
 o - a potion of flight {unknown}
 x - 2 potions of magic {unknown}
 D - a potion of might {unknown}
Books
 e - a book of Geomancy

   Spells                             Type                      Level
   a - Sandblast                      Earth                        1
   b - Passwall                       Transmutation/Earth          2
   c - Stone Arrow                    Conjuration/Earth            3
   d - Petrify                        Transmutation/Earth          4
   e - Lee's Rapid Deconstruction     Earth                        5
Comestibles
 d - 3 bread rations
 q - a meat ration
 t - 2 chunks of flesh


   Skills:
 + Level 2.0 Fighting
 - Level 1.5 Dodging
 - Level 2.1 Stealth
 + Level 1.6 Shields
 - Level 2.0 Spellcasting
 - Level 0.7 Transmutations
 * Level 7.6 Earth Magic


You had one spell level left.
You knew the following spells:

 Your Spells              Type           Power        Failure   Level  Hunger
a - Sandblast             Erth           #####.       1%          1    #......
b - Passwall              Tmut/Erth      ###.......   3%          2    ##.....
c - Lee's Rapid Deconstr  Erth           #####.....   17%         5    ######.


Dungeon Overview and Level Annotations

Branches:
Dungeon (3/15)

Altars:
Xom


Innate Abilities, Weirdness & Mutations

You are resistant to torment.
Your stone body is resilient. (AC +4)
You are immune to poison.
You resist negative energy. (rN+)
You are resistant to electric shocks. (rElec)
You can survive without breathing.
You are immune to petrification.
You are immune to rotting.


Message History

You barely miss the ice beast.
The ice beast is moderately wounded.
The ice beast hits you. The ice beast freezes you!
You hit the ice beast.
The ice beast is heavily wounded.
The ice beast hits you. The ice beast freezes you!
* * * LOW HITPOINT WARNING * * *
The ice beast closely misses you.
Casting: Sandblast
Confirm with . or Enter, or press ? or * to list all spells.
Aiming: Sandblast
Press: ? - help, Shift-Dir - straight line, f - ice beast
Aim: an ice beast (heavily wounded)
The blast of sand hits the ice beast.
The ice beast is heavily wounded.
b - 76 stones The ice beast hits you.
* * * LOW HITPOINT WARNING * * *
The ice beast freezes you!
You die...

#.# #......##.############..#
#.# .........................##
#.# ############.#............#.
#.# ...........#.#.## #.#
#.........#.#..# #.#
#...........#..# #.#
#..8.8...####...
#.###############...>.........#.
#..............@Y..8.8..........
#################....).........#
#.......######.# ######### #.#
############ #.# #..........#
#.# #..........####.#
#...............#
#..........######


You could see an ice beast.

Vanquished Creatures
  A jelly (D:3)
  A crimson imp (D:2)
  A worker ant (D:3)
  8 adders
  4 gnolls (D:3)
  3 worms
  3 dart slugs
  2 leopard geckos
  8 orcs (D:3)
  2 giant cockroaches
  9 goblins
  7 hobgoblins
  2 quokkas
  A ball python (D:3)
  8 bats
  4 frilled lizards (D:2)
  5 kobolds
  6 rats
75 creatures vanquished.

Notes
Turn   | Place    | Note
-------+----------+-------------------------------------------
     0 | D:1      | zhorgal the Gargoyle Earth Elementalist began the quest for the Orb.
     0 | D:1      | Reached XP level 1. HP: 10/10 MP: 3/3
   261 | D:1      | Found a shimmering altar of Xom.
   318 | D:1      | Reached skill level 4 in Earth Magic
   443 | D:1      | Reached XP level 2. HP: 15/15 MP: 5/5
   909 | D:2      | Reached skill level 5 in Earth Magic
   909 | D:2      | Reached XP level 3. HP: 17/19 MP: 6/6
   918 | D:2      | Learned a level 2 spell: Passwall
  1403 | D:2      | Reached XP level 4. HP: 14/24 MP: 2/7
  1695 | D:2      | Reached skill level 6 in Earth Magic
  1788 | D:2      | Reached XP level 5. HP: 21/28 MP: 8/8
  1804 | D:2      | Learned a level 5 spell: Lee's Rapid Deconstruction
  2364 | D:3      | Reached skill level 1 in Fighting
  2364 | D:3      | Reached skill level 7 in Earth Magic
  2367 | D:3      | Reached skill level 1 in Shields
  2619 | D:3      | Reached XP level 6. HP: 34/34 MP: 9/9
  3000 | D:3      | Noticed an ice beast
  3014 | D:3      | Mangled by an ice beast

Skill      XL: |  1  2  3  4  5  6 |
---------------+-------------------+-----
Earth Magic    | 4 5 6 7 |  7.6
Fighting       | 1 2 |  2.0
Shields        | 1 |  1.6
Dodging        | |  1.5
Stealth        | |  2.1
Spellcasting   | |  2.0
Transmutations | |  0.7

Action                   |  1- 3 |  4- 6 || total
-------------------------+-------+-------++-------
Melee: Spear             |    66 |   155 ||   221
       Unarmed           |     2 |       ||     2
 Cast: Sandblast         |     9 |    20 ||    29
 Stab: Sleeping          |     3 |     2 ||     5
  Eat: Chunk             |     2 |     5 ||     7
Armor: Robe              |    18 |    45 ||    63
Dodge: Dodged            |    36 |    88 ||   124
